 Dungeon Sprint DCSS version 0.30-a0-1161-g0704695555 (webtiles) character file.

Game seed: 17073513884505086351

2 fozzywoppz the Sneak (level 1, 0/13 HPs)
             Began as a Spriggan Enchanter on Apr 27, 2023.
             Was an Initiate of Jiyva.
             Succumbed to a scorpion's poison
             ... in the Dungeon (Sprint VII: "The Pits").
             The game lasted 00:00:41 (68 turns).

fozzywoppz the Sneak (Spriggan Enchanter)             Turns: 68, Time: 00:00:42

Health: 0/13       AC:  2    Str:  4    XL:     1   Next: 25%
Magic:  5/5        EV: 17    Int: 16    God:    Jiyva [......]
Gold:   0          SH:  0    Dex: 15    Spells: 6/6 levels left

rFire   . . .        j - +2 dagger
rCold   . . .        (no shield)
rNeg    . . .        b - +0 robe
rPois   .            (helmet restricted)
rElec   .            (no cloak)
rCorr   .            (gloves unavailable)
SInv    +            (boots unavailable)
Will    .....        (no amulet) Stlth
                     (no ring)
HPRegen 0.22/turn    (no ring)
MPRegen 0.09/turn

%: no teleportation
@: berserking, lethally poisoned (0 -> -5), very quick
A: very small, no large weapons, unfitting armour, see invisible, speed 3
a: Renounce Religion


You were in the Dungeon.
You worshipped Jiyva.
Jiyva was noncommittal.
You visited 1 branch

Inventory:

Hand Weapons
 a - a +1 dagger
 j - a +2 dagger (weapon)
Armour
 b - a +0 robe (worn)
Scrolls
 i - a scroll of blinking
 k - 5 scrolls of amnesia
 l - a scroll of butterflies
Potions
 c - 4 potions of invisibility
 d - a potion of curing
 e - a potion of heal wounds
 f - a potion of haste
 g - 4 potions of magic
 h - 2 potions of berserk rage


   Skills:
 + Level 1.5 Short Blades
 + Level 3.0 Dodging
 + Level 4.7 Stealth
 + Level 3.0 Spellcasting
 + Level 3.9 Hexes


You had 6 spell levels left.
You didn't know any spells.
Your spell library contained the following spells:

 Spells                   Type           Power      Damage    Failure   Level
 Confusing Touch          Hex            14%        N/A       12%         3
 Tukima's Dance           Hex            14%        N/A       12%         3
 Ensorcelled Hibernation  Hex/Ice        16%        N/A       13%         2
 Dazzling Flash           Conj/Hex       16%        N/A       26%         3


Dungeon Overview and Level Annotations

Branches:
Dungeon (1/1)

Altars:
Ashenzari
Cheibriados
Dithmenos
Elyvilon
Fedhas
Gozag
Hepliaklqana
Kikubaaqudgha
Makhleb
Nemelex Xobeh
Okawaru
Qazlal
Ru
Sif Muna
Trog
Uskayaw
Vehumet
Wu Jian
Xom
Yredelemnul
Zin
The Shining One
Jiyva
Lugonu


Innate Abilities, Weirdness & Mutations

You are very small and have problems with some larger weapons.
You are too small for most types of armour.
You have supernaturally acute eyesight. (SInv)
You cover ground extremely quickly. (Speed+++)


Message History

You hear a distant slurping noise. x2
You hear a distant slurping noise. x2
You hear a distant slurping noise.
You open the door.
A giant cockroach and a scorpion come into view.
There is an open door here.
The helpless giant cockroach fails to defend itself.
You impale the giant cockroach!!
You kill the giant cockroach!
Your Dodging skill increases to level 3!
Your Spellcasting skill increases to level 3!
You hit the scorpion but do no damage.
You hear a distant slurping noise.
The scorpion stings you.
Ouch! That really hurt!
A red film seems to cover your vision as you go berserk!
You feel yourself moving faster!
You feel mighty! The scorpion barely misses you.
You closely miss the scorpion. The scorpion stings you.
You are lethally poisoned!
The scorpion poisons you!
You puncture the scorpion!
The scorpion is heavily wounded.
* * * LOW HITPOINT WARNING * * *
You feel sick.
You hear a distant slurping noise.
The scorpion barely misses you.
You barely miss the scorpion.
The scorpion is heavily wounded.
* * * LOW HITPOINT WARNING * * *
You feel sick.
You hear a distant slurping noise.
You are too berserk!
You closely miss the scorpion.
The scorpion is heavily wounded.
* * * LOW HITPOINT WARNING * * *
You feel sick. The scorpion closely misses you.
You closely miss the scorpion.
The scorpion is heavily wounded.
You die...

#_________.#
#_________.#
#_______...###########++
##########'##...........
#.?(.')))'.##......#..#
##########.##..........
#...........+...........
+#####'#####......#..#.
#@# #........... #s#
####'#####+ +.#
#.......# ### #.......#
#.......# #...<...#
#.......# #.......#
#.......#


You could see a scorpion.

Vanquished Creatures
  A giant cockroach (D)
  A ball python skeleton (D)
2 creatures vanquished.

Vanquished Creatures (others)
  Dissolution (D)
  2 great orbs of eyes (D)
  6 slime creatures (D)
  A redback (D)
  An orc (D)
11 creatures vanquished.

Grand Total: 13 creatures vanquished

Notes
Turn   | Place    | Note
-------+----------+-------------------------------------------
     0 | D        | fozzywoppz the Spriggan Enchanter began the quest for the
                  | Orb.
     0 | D        | Reached XP level 1. HP: 9/9 MP: 5/5
    39 | D        | Found a glowing golden altar of the Shining One.
    39 | D        | Found a glowing silver altar of Zin.
    39 | D        | Found a basalt altar of Yredelemnul.
    39 | D        | Found a shimmering altar of Xom.
    39 | D        | Found an ornate altar of the Wu Jian Council.
    39 | D        | Found a bloodstained altar of Trog.
    39 | D        | Found a shimmering blue altar of Sif Muna.
    39 | D        | Found a sacrificial altar of Ru.
    39 | D        | Found a stormy altar of Qazlal.
    39 | D        | Found an iron altar of Okawaru.
    39 | D        | Found a sparkling altar of Nemelex Xobeh.
    39 | D        | Found a burning altar of Makhleb.
    39 | D        | Found a viscous altar of Jiyva.
    39 | D        | Found a hazy altar of Hepliaklqana.
    39 | D        | Found an opulent altar of Gozag.
    39 | D        | Found a blossoming altar of Fedhas.
    39 | D        | Found a white marble altar of Elyvilon.
    39 | D        | Found a shadowy altar of Dithmenos.
    39 | D        | Found a snail-covered altar of Cheibriados.
    40 | D        | Found a radiant altar of Vehumet.
    40 | D        | Found a corrupted altar of Lugonu.
    41 | D        | Found a hide-covered altar of Uskayaw.
    41 | D        | Found an ancient bone altar of Kikubaaqudgha.
    41 | D        | Found a broken altar of Ashenzari.
    45 | D        | Became a worshipper of Jiyva Joir the Shapeless
    47 | D        | Killed a slime creature
    50 | D        | Killed a slime creature
    51 | D        | Killed a slime creature
    53 | D        | Killed a slime creature
    54 | D        | Killed a slime creature
    58 | D        | Noticed a scorpion
    59 | D        | Killed a slime creature
    59 | D        | Killed a redback
    60 | D        | Killed Dissolution
    61 | D        | Killed a great orb of eyes
    65 | D        | Killed a great orb of eyes
    68 | D        | Succumbed to a scorpion's poison

Illustrated notes

Levels and vault maps discovered:
D:        pitsprint [storerooms_1, entrance_room_1, metal_vault_5, armoury_1,
          mini_pit_1, grid_room_1, main_hall_1, silver_pit, the_coven_3,
          the_vestibule_1, steel_vault_3, golden_pit, hallway_of_sentries,
          crystal_vault_6, iron_vault_2, final_vault]

Skill      XL: |  1 |
---------------+----+-----
Dodging        | 3 |  3.0
Spellcasting   | 3 |  3.0
Short Blades   | |  1.5
Stealth        | |  4.7
Hexes          | |  3.9

Action                     || total
---------------------------++-------
  Melee: Dagger            ||     8
    Use: Potion            ||     1
   Stab: Sleeping          ||     2
  Dodge: Dodged            ||     3

Table legend: (Time is in decaauts)
 A = Elapsed time spent in this place.
 B = Non-inter-level travel time spent in this place.
 C = Inter-level travel time spent in this place.
 D = Time resting spent in this place.
 E = Time spent auto-exploring this place.
 F = Levels seen in this place.
 G = Mean time per level.
                   A        B        C        D        E       F      G
               +--------+--------+--------+--------+--------+-----+--------+
         Total |     46 |     46 |      0 |      0 |      0 |   1 |   46.0 |
       Dungeon |     46 |     46 |      0 |      0 |      0 |   1 |   46.0 |
               +--------+--------+--------+--------+--------+-----+--------+

Top non-repeatable levels by time:
       D: 46 daAuts
